 Dungeon Crawl Stone Soup version 0.28.0-1-gb440e238dd (webtiles) character file.

Game seed: 11377380083363550041

3913 mcwallace the Cruncher (level 10, -1/76 HPs)
             Began as a Gnoll Wanderer on Feb 20, 2022.
             Was an Initiate of Gozag.
             Slain by a wolf spider (9 damage)
             ... on level 7 of the Dungeon.
             The game lasted 00:20:12 (6386 turns).

mcwallace the Cruncher (Gnoll Wanderer)             Turns: 6386, Time: 00:20:13

Health: -1/76      AC: 13    Str: 19    XL:     10   Next: 20%
Magic:  18/18      EV: 10    Int: 13    God:    Gozag
Gold:   501        SH:  0    Dex: 15    Spells: 19/20 levels left

rFire   . . .      SeeInvis .   x - +6 mace "Cimewkuh" {flame, rF- rCorr Int+2, mace}
rCold   . . .      Faith    .   (no shield)
rNeg    . . .      Spirit   .   l - +0 chain mail
rPois   .          Reflect  .   b - +0 helmet
rElec   .          Harm     .   E - +0 cloak
rCorr   +          Rampage  .   (no gloves)
Will    .....                   A - +0 pair of boots
Stlth   ..........              n - amulet of regeneration {@e2}
HPRegen 1.02/turn               G - ring of protection from fire
MPRegen 0.16/turn               c - +6 ring of strength

@: about to teleport
A: fangs 1, strong nose, distributed training
a: Renounce Religion, Potion Petition, Call Merchant, Bribe Branch


You were on level 7 of the Dungeon.
You worshipped Gozag.
Gozag was pleased with you.
You visited 2 branches of the dungeon, and saw 9 of its levels.
You also visited: Ossuary.

You collected 697 gold pieces.
You paid 196 gold pieces to Gozag.


Innate Abilities, Weirdness & Mutations

You have very sharp teeth.
Your uncanny sense of smell can sniff out nearby items.
Your experience applies equally to all skills.


   Skills:
 + Level 5.7 Fighting
 + Level 5.0 Short Blades
 + Level 5.0 Long Blades
 + Level 5.0 Axes
 + Level 5.0 Maces & Flails
 + Level 5.0 Polearms
 + Level 10.0 Staves
 + Level 5.0 Slings
 + Level 5.0 Bows
 + Level 5.0 Crossbows
 + Level 5.0 Throwing
 + Level 5.0 Armour
 + Level 6.9 Dodging
 + Level 5.6 Stealth
 + Level 5.0 Shields
 + Level 5.0 Unarmed Combat
 + Level 5.8 Spellcasting
 + Level 4.1 Conjurations
 + Level 4.1 Hexes
 + Level 4.1 Summonings
 + Level 4.1 Necromancy
 + Level 4.1 Translocations
 + Level 4.1 Transmutations
 + Level 4.1 Fire Magic
 + Level 4.7 Ice Magic
 + Level 4.1 Air Magic
 + Level 4.1 Earth Magic
 + Level 4.1 Poison Magic
 + Level 5.5 Invocations
 + Level 5.0 Evocations


You had 19 spell levels left.
You knew the following spells:

 Your Spells              Type           Power      Damage    Failure   Level
a - Freeze                Ice            64%        1d8       26%         1

Your spell library contained the following spells:

 Spells                   Type           Power      Damage    Failure   Level
 Beastly Appendage        Tmut           28%        N/A       32%         1
 Shock                    Conj/Air       56%        1d6       32%         1
 Ensorcelled Hibernation  Hex/Ice        30%        N/A       38%         2
 Wereblood                Tmut           14%        N/A       43%         2
 Frozen Ramparts          Ice            32%        1d5       58%         3
 Spider Form              Tmut/Pois      14%        N/A       67%         3
 Summon Ice Beast         Ice/Summ       15%        N/A       95%         4
 Anguish                  Hex/Necr       7%         N/A       97%         4
 Orb of Destruction       Conj           7%         9d6       100%        7
 Ozocubu's Refrigeration  Ice            8%         4d6       100%        7

Inventory:

Hand Weapons
 a - a +2 quarterstaff {staff}
 j - a +0 dagger of venom {short}
   (You took it off a goblin on level 1 of the Dungeon)
 v - a +1 hand axe of freezing {axe}
   (You took it off an orc on level 3 of the Dungeon)
 w - a +0 dagger of venom {short}
   (You took it off an orc on level 3 of the Dungeon)
 x - the +6 mace "Cimewkuh" (weapon) {flame, rF- rCorr Int+2, mace}
   (You found it on level 3 of the Dungeon)

   It burns those it strikes, dealing additional fire damage.
   Int:       It affects your intelligence (+2).
   rF:        It makes you vulnerable to fire.
   rCorr:     It protects you from acid and corrosion.
Missiles
 d - 60 sling bullets
 f - 136 stones (quivered) {throwing}
 t - 83 arrows
 F - 41 bolts
Armour
 b - a +0 helmet (worn)
 l - a +0 chain mail (worn)
   (You took it off Terence on level 2 of the Dungeon)
 z - a scarf of harm
   (You found it on level 4 of the Dungeon)
 A - a +0 pair of boots (worn)
   (You found it on level 4 of the Dungeon)
 D - a scarf of invisibility
   (You found it on level 4 of the Dungeon)
 E - a +0 cloak (worn)
   (You found it on level 4 of the Dungeon)
Magical Staves
 S - a staff of conjuration {!a@e2staff}
   (You found it on level 7 of the Dungeon)
 T - a staff of death {!astaff}
   (You took it off an orc wizard on level 7 of the Dungeon)
Jewellery
 c - a +6 ring of strength (right hand)
   (You found it on level 5 of the Dungeon)
 n - an amulet of regeneration (around neck) {@e2}
   (You found it on level 2 of the Dungeon)
 B - a ring of magical power
   (You found it on level 4 of the Dungeon)
 G - a ring of protection from fire (left hand)
   (You found it on level 6 of the Dungeon)
 H - a +6 ring of intelligence
   (You found it on level 7 of the Dungeon)
 I - a ring of protection from cold
   (You found it on level 6 of the Dungeon)
 O - a ring of flight
   (You found it on level 6 of the Dungeon)
 Q - a +4 ring of protection
   (You found it on level 7 of the Dungeon)
 U - the ring "Xicamm" {Ice rElec}
   (You took it off an orc wizard on level 7 of the Dungeon)

   [ring of ice]

   It enhances your ice magic.
   rF:        It makes you vulnerable to fire.
   rC:        It protects you from cold.
   rElec:     It insulates you from electricity.
Wands
 y - a wand of flame (4)
   (You found it on level 3 of the Dungeon)
 R - a wand of polymorph (10)
   (You found it on level 7 of the Dungeon)
Scrolls
 g - 3 scrolls of magic mapping {!r}
 i - 4 scrolls of blinking {unknown}
 k - 5 scrolls of teleportation {@r4}
 r - a scroll of vulnerability {unknown}
 u - a scroll of enchant armour {unknown}
 C - a scroll of immolation {unknown}
 P - a scroll of fear {unknown}
 V - a scroll of enchant weapon {unknown}
Potions
 e - 6 potions of curing {@q1}
 h - 3 potions of brilliance {unknown}
 m - 3 potions of attraction {unknown}
 o - a potion of resistance {unknown}
 p - a potion of ambrosia {unknown}
 q - 4 potions of berserk rage {unknown}
 J - 2 potions of might
 K - 3 potions of cancellation {unknown}
 L - 2 potions of mutation {unknown}
 N - 2 potions of degeneration {unknown}

Dungeon Overview and Level Annotations

Branches:
Dungeon (8/15)             Temple (1/1) D:6         Ossuary (visited)
   Lair: D:8-11

Altars:
Cheibriados
Elyvilon
Fedhas
Gozag
Hepliaklqana
Nemelex Xobeh
Trog
Uskayaw
Vehumet
Wu Jian
Xom

Shops:
D:1 [   D:7 [

Annotations:
D:4 1 runed translucent door, Crazy Yiuf
D:7 1 runed translucent door

##.# #. #.# #..## #.## ##.# #
#...## #..######..# ### #....#
#.<......... ..## ##....##
##.......... #..##
##......####........... ###.#
##..##...([............. #.#
##..###.Os#.#.#########.. #.#
##..###..@.#.##.#[..OJ#.#. #.#
#...##....##.##.##..y##.#. #.##
#......#..###.##.#..J#.##.
##..###.....##.## #.##.##.##.#..
##.....<....##..#∆$##.##.#.#.##..
.............#.##∆ #.##.#+#.#...
..........)....# ##.##...##...
#....#........## #.##...#..##
######........# ####.##.##.##.##.


You could see a wolf spider and a two-headed ogre.


Message History

Your hp is fully restored (76).
You see here a +0 robe.
The two-headed ogre shouts in stereo!
The vampire mosquito buzzes angrily.
The two-headed ogre shouts in stereo!
Aiming: Polymorph
Press: ? - help, Q - select action, (/) - cycle Shift-Dir - straight line
Okay, then.
Aiming: Throw Flame
Press: ? - help, Q - select action, (/) - cycle Shift-Dir - straight line The puff of flame hits the two-headed ogre.
Aiming: Throw Flame
Press: ? - help, Q - select action, (/) - cycle Shift-Dir - straight line The puff of flame hits the two-headed ogre!
You closely miss the two-headed ogre.
You bite the two-headed ogre, but do no damage.
The two-headed ogre hits you but does no damage. x2
You closely miss the two-headed ogre. Your punch misses the two-headed ogre.
The two-headed ogre misses you. The two-headed ogre barely misses you.
You hit the two-headed ogre. You burn the two-headed ogre.
The two-headed ogre hits you with a +0 giant club!!
The two-headed ogre hits you but does no damage. 😮 HP[-21]
You take 21 damage, and now have 55/76 hp.
MASSIVE DAMAGE!! (PAUSE)
You barely miss the two-headed ogre.
The two-headed ogre hits you with a +0 giant club! x2
* * * LOW HITPOINT WARNING * * *
😨 HP[-23]
You take 23 damage, and now have 32/76 hp.
MASSIVE DAMAGE!! (PAUSE)
You hit the two-headed ogre. You burn the two-headed ogre.
You punch the two-headed ogre.
The two-headed ogre hits you with a +0 giant club!
* * * LOW HITPOINT WARNING * * *
The two-headed ogre hits you with a +0 giant club!
* * * LOW HITPOINT WARNING * * *
😱 HP[-19]
You take 19 damage, and now have 13/76 hp.
MASSIVE DAMAGE!! (PAUSE) 😱 HP[+1] 😱 HP[+1] 😱 HP[+1] 😱 HP[+1] 😱 HP[+1] 😱 HP[+1] 😨 HP[+1] 😨 HP[+1] 😨 HP[+1] 😨 HP[+1] 😨 HP[+1] 😨 HP[+1] 😨 HP[+1] 😨 HP[+1] 😨 HP[+1]
The wolf spider hisses angrily. 😨 HP[+1]
The wolf spider hits you but does no damage.
The wolf spider bites you but does no damage.
You see here a +0 robe. 😨 HP[+1]
The wolf spider misses you.
The wolf spider barely misses you. 😨 HP[+1]
The wolf spider hits you.
* * * LOW HITPOINT WARNING * * *
The wolf spider bites you but does no damage. 😨 HP[-4]
You take 4 damage, and now have 27/76 hp.
Throw: boomerang (disperse) {=f!fthrowing}
Press: ? - help, Q - select action, (/) - cycle Shift-Dir - straight line, f - wolf spider
Aim: a wolf spider (63% to hit)
You throw a boomerang of dispersal {=f!fthrowing}.
The boomerang of dispersal {=f!fthrowing} barely misses the wolf spider.
The wolf spider hits you but does no damage.
The wolf spider bites you but does no damage. 😨 HP[+1]
The wolf spider hits you!
* * * LOW HITPOINT WARNING * * *
The wolf spider closely misses you. 😱 HP[-13]
You take 13 damage, and now have 15/76 hp.
Throw: 137 stones {throwing}
Press: ? - help, Q - select action, (/) - cycle Shift-Dir - straight line, f/p - wolf spider
Aim: a wolf spider (63% to hit)
You throw a stone {throwing}.
The stone {throwing} completely misses the wolf spider.
The stone {throwing} hits the two-headed ogre.
The wolf spider hits you.
* * * LOW HITPOINT WARNING * * *
The wolf spider bites you but does no damage. 😱 HP[-4]
You take 4 damage, and now have 11/76 hp.
As you read the scroll of teleportation {@r4}, it crumbles to dust.
You feel strangely unstable. The wolf spider hits you.
* * * LOW HITPOINT WARNING * * *
The wolf spider closely misses you.
The wolf spider hits you but does no damage.
The wolf spider bites you!
You die...
Your body crumbles into a pile of gold.

Skill      XL: |  1  2  3  4  5  6  7  8  9 10 |
---------------+-------------------------------+-----
Ice Magic      | 2 3 4 |  4.7
Invocations    | 1 2 3 4 5 |  5.5
Short Blades   | 1 2 3 4 5 |  5.0
Long Blades    | 1 2 3 4 5 |  5.0
Axes           | 1 2 3 4 5 |  5.0
Maces & Flails | 1 2 3 4 5 |  5.0
Polearms       | 1 2 3 4 5 |  5.0
Slings         | 1 2 3 4 5 |  5.0
Bows           | 1 2 3 4 5 |  5.0
Crossbows      | 1 2 3 4 5 |  5.0
Throwing       | 1 2 3 4 5 |  5.0
Armour         | 1 2 3 4 5 |  5.0
Shields        | 1 2 3 4 5 |  5.0
Unarmed Combat | 1 2 3 4 5 |  5.0
Evocations     | 1 2 3 4 5 |  5.0
Spellcasting   | 3 4 5 |  5.8
Conjurations   | 1 2 3 4 |  4.1
Hexes          | 1 2 3 4 |  4.1
Summonings     | 1 2 3 4 |  4.1
Necromancy     | 1 2 3 4 |  4.1
Translocations | 1 2 3 4 |  4.1
Transmutations | 1 2 3 4 |  4.1
Fire Magic     | 1 2 3 4 |  4.1
Air Magic      | 1 2 3 4 |  4.1
Earth Magic    | 1 2 3 4 |  4.1
Poison Magic   | 1 2 3 4 |  4.1
Fighting       | 3 4 5 |  5.7
Stealth        | 3 4 5 |  5.6
Dodging        | 5 6 |  6.9
Staves         | 9 10 | 10.0

Action                   |  1- 3 |  4- 6 |  7- 9 | 10-12 || total
-------------------------+-------+-------+-------+-------++-------
Melee: Quarterstaff      |    69 |   103 |       |       ||   172
       Bite              |     3 |    16 |    18 |     1 ||    38
       Mace              |       |    53 |   172 |    14 ||   239
       Punch             |       |       |     4 |     1 ||     5
Throw: Dart              |       |       |     8 |       ||     8
       Stone             |       |       |       |     1 ||     1
       Boomerang         |       |       |       |     1 ||     1
Evoke: Wand              |       |     3 |     9 |    13 ||    25
  Use: Scroll            |       |     1 |     4 |     2 ||     7
       Potion            |       |       |     2 |       ||     2
 Stab: Sleeping          |     5 |       |       |       ||     5
Armor: Robe              |    18 |       |       |       ||    18
       Chain mail        |       |   101 |   118 |    18 ||   237
Dodge: Dodged            |    44 |    51 |    88 |    12 ||   195

Levels and vault maps discovered:
D:1:      minmay_arrival_wavy_path, layout_loops_ring, serial_shops,
          nicolae_shop_statue_plus
D:2:      layout_rooms, basic_altar, corexii_hall_statues_i, uniq_terence
D:3:      corexii_shack_village, layout_basic, minmay_circle_x
D:4:      layout_basic, nemelex_altar_shiori,
          eino_small_chamber_without_monster, uniq_crazy_yiuf_cottage
D:5:      wander_river, layout_basic, uniq_pikel
D:6:      layout_loops_corners, gammafunk_temple_overflow_statue,
          trog_ov_bears_minmay, minmay_temple_entry_trees, enter_ossuary_2,
          serial_bayou_pond_d
D:7:      minmay_the_grid_triangle_9x9_rhombus_thin
          [minmay_the_grid_triangle_9x9_wacky_v,
          minmay_the_grid_triangle_9x9_prize_insulated,
          minmay_the_grid_triangle_9x9_subtriangle,
          minmay_the_grid_triangle_9x9_cache], layout_layer_cave, serial_shops,
          nicolae_diamond_shop, supply_closet_lemuel
D:8:      layout_basic, lair_entry_dummy, ebering_ghost_rock_garden,
          serial_undead, serial_undead_c, serial_undead_b, serial_undead_c,
          serial_undead_e, uniq_maggie
Temple:   regret_index_temple_mists

Notes
Turn   | Place    | Note
-------+----------+-------------------------------------------
     0 | D:1      | mcwallace the Gnoll Wanderer began the quest for the Orb.
     0 | D:1      | mcwallace set off with the following items: a +2
                  | quarterstaff {staff}, a +0 helmet, a +0 robe; and the
                  | following spell memorised: Freeze; and the following spells
                  | available to memorise: Frozen Ramparts
     0 | D:1      | Reached XP level 1. HP: 17/17 MP: 4/4
     0 | D:1      | magus.rc [v1.9.6]
   139 | D:1      | Reached skill level 2 in Ice Magic
   190 | D:1      | Reached XP level 2. HP: 22/23 MP: 5/5
   365 | D:1      | Found Niryf's Antique Armour Shoppe.
   507 | D:1      | Reached XP level 3. HP: 23/28 MP: 7/7
  1042 | D:2      | Reached skill level 1 in Invocations
  1108 | D:2      | Noticed Terence
  1122 | D:2      | Killed Terence
  1123 | D:2      | Reached skill level 1 in Short Blades
  1123 | D:2      | Reached skill level 1 in Long Blades
  1123 | D:2      | Reached skill level 1 in Axes
  1123 | D:2      | Reached skill level 1 in Maces & Flails
  1123 | D:2      | Reached skill level 1 in Polearms
  1123 | D:2      | Reached skill level 1 in Slings
  1123 | D:2      | Reached skill level 1 in Bows
  1123 | D:2      | Reached skill level 1 in Crossbows
  1123 | D:2      | Reached skill level 1 in Throwing
  1123 | D:2      | Reached skill level 1 in Armour
  1123 | D:2      | Reached skill level 1 in Shields
  1123 | D:2      | Reached skill level 1 in Unarmed Combat
  1123 | D:2      | Reached skill level 1 in Evocations
  1123 | D:2      | Reached XP level 4. HP: 17/34 MP: 8/8
  1336 | D:2      | Reached skill level 3 in Spellcasting
  1492 | D:2      | You pick up a book of Changes and begin reading...
  1492 | D:2      | You add the spells Beastly Appendage, Wereblood and Spider
                  | Form to your library.
  1641 | D:2      | Found a hide-covered altar of Uskayaw.
  1649 | D:2      | Reached skill level 1 in Conjurations
  1649 | D:2      | Reached skill level 1 in Hexes
  1649 | D:2      | Reached skill level 1 in Summonings
  1649 | D:2      | Reached skill level 1 in Necromancy
  1649 | D:2      | Reached skill level 1 in Translocations
  1649 | D:2      | Reached skill level 1 in Transmutations
  1649 | D:2      | Reached skill level 1 in Fire Magic
  1649 | D:2      | Reached skill level 1 in Air Magic
  1649 | D:2      | Reached skill level 1 in Earth Magic
  1649 | D:2      | Reached skill level 1 in Poison Magic
  1778 | D:3      | Reached XP level 5. HP: 17/40 MP: 9/9
  1978 | D:3      | Reached skill level 3 in Fighting
  2019 | D:3      | Identified the +6 mace "Cimewkuh" {flame, rF- rCorr Int+2}
  2138 | D:3      | You pick up a book of Dreams and begin reading...
  2138 | D:3      | You add the spells Ensorcelled Hibernation and Anguish to
                  | your library.
  3102 | D:4      | Found a sparkling altar of Nemelex Xobeh.
  3177 | D:4      | Reached skill level 3 in Stealth
  3177 | D:4      | Reached skill level 2 in Invocations
  3177 | D:4      | Reached XP level 6. HP: 29/47 MP: 11/11
  3211 | D:4      | Reached skill level 5 in Dodging
  3274 | D:4      | Found a runed translucent door.
  3275 | D:4      | Noticed Crazy Yiuf
  3346 | D:5      | Entered Level 5 of the Dungeon
  3385 | D:5      | Reached skill level 2 in Short Blades
  3385 | D:5      | Reached skill level 2 in Long Blades
  3385 | D:5      | Reached skill level 2 in Axes
  3385 | D:5      | Reached skill level 2 in Maces & Flails
  3385 | D:5      | Reached skill level 2 in Polearms
  3385 | D:5      | Reached skill level 2 in Slings
  3385 | D:5      | Reached skill level 2 in Bows
  3385 | D:5      | Reached skill level 2 in Crossbows
  3385 | D:5      | Reached skill level 2 in Throwing
  3385 | D:5      | Reached skill level 2 in Armour
  3385 | D:5      | Reached skill level 2 in Shields
  3385 | D:5      | Reached skill level 2 in Unarmed Combat
  3385 | D:5      | Reached skill level 2 in Evocations
  3413 | D:5      | You fall into a shaft and drop 3 floors!
  3413 | D:8      | Noticed a necrophage
  3432 | D:7      | Noticed an ice beast
  3519 | D:6      | Found a bloodstained altar of Trog.
  3519 | D:6      | Noticed a black bear
  3519 | D:6      | Noticed a black bear
  3539 | D:6      | Killed a black bear
  3543 | D:6      | Killed a black bear
  3544 | D:6      | Reached XP level 7. HP: 50/52 MP: 12/12
  3611 | D:6      | Found a hazy altar of Hepliaklqana.
  3611 | D:6      | Found an ornate altar of the Wu Jian Council.
  3689 | D:6      | Reached skill level 2 in Conjurations
  3689 | D:6      | Reached skill level 2 in Hexes
  3689 | D:6      | Reached skill level 2 in Summonings
  3689 | D:6      | Reached skill level 2 in Necromancy
  3689 | D:6      | Reached skill level 2 in Translocations
  3689 | D:6      | Reached skill level 2 in Transmutations
  3689 | D:6      | Reached skill level 2 in Fire Magic
  3689 | D:6      | Reached skill level 3 in Ice Magic
  3689 | D:6      | Reached skill level 2 in Air Magic
  3689 | D:6      | Reached skill level 2 in Earth Magic
  3689 | D:6      | Reached skill level 2 in Poison Magic
  3702 | D:6      | Found a sand-covered staircase.
  3707 | Ossuary  | Entered an ossuary
  3757 | Ossuary  | Reached skill level 9 in Staves
  3850 | Ossuary  | Reached skill level 3 in Invocations
  3948 | D:6      | Reached skill level 4 in Spellcasting
  3986 | D:6      | Found a staircase to the Ecumenical Temple.
  4004 | D:6      | Reached XP level 8. HP: 52/60 MP: 14/14
  4010 | Temple   | Entered the Ecumenical Temple
  4019 | Temple   | Became a worshipper of Gozag Ym Sagoz the Greedy
  4288 | D:6      | Noticed a troll
  4293 | D:6      | Killed a troll
  4294 | D:6      | Reached skill level 4 in Fighting
  4294 | D:6      | Reached skill level 3 in Short Blades
  4294 | D:6      | Reached skill level 3 in Long Blades
  4294 | D:6      | Reached skill level 3 in Axes
  4294 | D:6      | Reached skill level 3 in Maces & Flails
  4294 | D:6      | Reached skill level 3 in Polearms
  4294 | D:6      | Reached skill level 3 in Slings
  4294 | D:6      | Reached skill level 3 in Bows
  4294 | D:6      | Reached skill level 3 in Crossbows
  4294 | D:6      | Reached skill level 3 in Throwing
  4294 | D:6      | Reached skill level 3 in Armour
  4294 | D:6      | Reached skill level 4 in Stealth
  4294 | D:6      | Reached skill level 3 in Shields
  4294 | D:6      | Reached skill level 3 in Unarmed Combat
  4294 | D:6      | Reached skill level 3 in Evocations
  5038 | D:5      | Noticed Pikel
  5047 | D:5      | Killed Pikel
  5048 | D:5      | Reached skill level 6 in Dodging
  5048 | D:5      | Reached skill level 3 in Conjurations
  5048 | D:5      | Reached skill level 3 in Hexes
  5048 | D:5      | Reached skill level 3 in Summonings
  5048 | D:5      | Reached skill level 3 in Necromancy
  5048 | D:5      | Reached skill level 3 in Translocations
  5048 | D:5      | Reached skill level 3 in Transmutations
  5048 | D:5      | Reached skill level 3 in Fire Magic
  5048 | D:5      | Reached skill level 3 in Air Magic
  5048 | D:5      | Reached skill level 3 in Earth Magic
  5048 | D:5      | Reached skill level 3 in Poison Magic
  5048 | D:5      | Reached skill level 4 in Invocations
  5048 | D:5      | Reached XP level 9. HP: 66/66 MP: 14/16
  5057 | D:5      | Reached skill level 4 in Short Blades
  5057 | D:5      | Reached skill level 4 in Long Blades
  5057 | D:5      | Reached skill level 4 in Axes
  5057 | D:5      | Reached skill level 4 in Maces & Flails
  5057 | D:5      | Reached skill level 4 in Polearms
  5057 | D:5      | Reached skill level 4 in Slings
  5057 | D:5      | Reached skill level 4 in Bows
  5057 | D:5      | Reached skill level 4 in Crossbows
  5057 | D:5      | Reached skill level 4 in Throwing
  5057 | D:5      | Reached skill level 4 in Armour
  5057 | D:5      | Reached skill level 4 in Shields
  5057 | D:5      | Reached skill level 4 in Unarmed Combat
  5057 | D:5      | Reached skill level 4 in Ice Magic
  5057 | D:5      | Reached skill level 4 in Evocations
  5073 | D:5      | Reached skill level 5 in Spellcasting
  5538 | D:7      | Noticed a brown ugly thing
  5554 | D:7      | HP: 14/67 [brown ugly thing (12)]
  5691 | D:7      | Killed a brown ugly thing
  5692 | D:7      | Reached skill level 5 in Fighting
  5692 | D:7      | Reached skill level 5 in Stealth
  5758 | D:7      | Found Ynnivili's Armour Boutique.
  5850 | D:7      | You add the spells Shock, Summon Ice Beast, Orb of
                  | Destruction and Ozocubu's Refrigeration to your library.
  5850 | D:7      | Got the Guide on Freezing Conjuration {@e2}
  5925 | D:7      | Identified the ring "Xicamm" {Ice rElec}
  5935 | D:7      | Noticed a two-headed ogre
  5963 | D:7      | Found a runed translucent door.
  5973 | D:7      | Noticed a two-headed ogre
  5978 | D:7      | Noticed a two-headed ogre
  6029 | D:6      | Killed a two-headed ogre
  6030 | D:6      | Reached skill level 5 in Invocations
  6030 | D:6      | Reached XP level 10. HP: 38/74 MP: 18/18
  6168 | D:7      | Noticed a boulder beetle
  6187 | D:7      | Reached skill level 4 in Conjurations
  6187 | D:7      | Reached skill level 4 in Hexes
  6187 | D:7      | Reached skill level 4 in Summonings
  6187 | D:7      | Reached skill level 4 in Necromancy
  6187 | D:7      | Reached skill level 4 in Translocations
  6187 | D:7      | Reached skill level 4 in Transmutations
  6187 | D:7      | Reached skill level 4 in Fire Magic
  6187 | D:7      | Reached skill level 4 in Air Magic
  6187 | D:7      | Reached skill level 4 in Earth Magic
  6187 | D:7      | Reached skill level 4 in Poison Magic
  6224 | D:7      | Noticed a manticore
  6228 | D:7      | Killed a manticore
  6229 | D:7      | Reached skill level 5 in Short Blades
  6229 | D:7      | Reached skill level 5 in Long Blades
  6229 | D:7      | Reached skill level 5 in Axes
  6229 | D:7      | Reached skill level 5 in Maces & Flails
  6229 | D:7      | Reached skill level 5 in Polearms
  6229 | D:7      | Reached skill level 5 in Slings
  6229 | D:7      | Reached skill level 5 in Bows
  6229 | D:7      | Reached skill level 5 in Crossbows
  6229 | D:7      | Reached skill level 5 in Throwing
  6229 | D:7      | Reached skill level 5 in Armour
  6229 | D:7      | Reached skill level 5 in Shields
  6229 | D:7      | Reached skill level 5 in Unarmed Combat
  6229 | D:7      | Reached skill level 5 in Evocations
  6230 | D:7      | Reached skill level 10 in Staves
  6232 | D:7      | Noticed a wolf spider
  6232 | D:7      | a boulder beetle changed into a wolf spider
  6363 | D:7      | HP: 13/76 [two-headed ogre (12)]
  6384 | D:7      | HP: 15/76 [wolf spider (14)]
  6386 | D:7      | Slain by a wolf spider

Vanquished Creatures
  A two-headed ogre (D:6)
  Pikel (D:5)
  An ugly thing (D:7)
  A manticore (D:7)
  A troll (D:6)
  A shadow (D:7)
  3 water moccasins
  2 black bears (D:6)
  An ice beast (D:7)
  4 ogres
  A centaur (D:6)
  4 lemures (D:5)
  A bullfrog (D:6)
  A scorpion (D:4)
  A howler monkey (D:7)
  A gnoll shaman (D:6)
  A hound (D:5)
  2 jellies
  An orc priest (D:3)
  2 human zombies (Ossuary)
  An orc wizard (D:7)
  2 iguanas
  Terence (D:2)
  A hound zombie (Ossuary)
  4 mummies (Ossuary)
  6 gnolls
  6 adders
  2 white imps
  An ufetubus (D:4)
  2 adder zombies (Ossuary)
  4 dart slugs
  15 orcs
  An endoplasm (D:3)
  3 giant cockroaches
  2 gnoll zombies (Ossuary)
  9 goblins
  16 hobgoblins
  5 jackals (D:3)
  9 kobolds
  5 quokkas
  2 ball pythons
  9 bats
  2 frilled lizards (D:1)
  A hobgoblin zombie (Ossuary)
  2 jackal zombies (Ossuary)
  A kobold zombie (Ossuary)
  An orc zombie (Ossuary)
  3 rats
147 creatures vanquished.

Table legend:
 A = Non-vault XP
 B = Vault XP
 C = Vault XP percentage of total XP
 D = Non-vault monster count
 E = Vault monster count
 F = Vault count percentage of total count
                 A         B        C        D         E       F
            +---------+---------+-------+---------+---------+-------
      Total |    2707 |    2883 |  51.6 |     104 |      39 |  27.3
            +---------+---------+-------+---------+---------+-------
        D:1 |      50 |       0 |   0.0 |      29 |       0 |   0.0
        D:2 |      55 |      32 |  36.8 |      16 |       1 |   5.9
        D:3 |      90 |      39 |  30.2 |      17 |      13 |  43.3
        D:4 |     159 |       0 |   0.0 |      15 |       0 |   0.0
        D:5 |     542 |     571 |  51.3 |       9 |       1 |  10.0
        D:6 |     888 |    1097 |  55.3 |      11 |       3 |  21.4
        D:7 |     923 |     947 |  50.6 |       7 |       5 |  41.7
    Ossuary |       0 |     197 | 100.0 |       0 |      16 | 100.0
            +---------+---------+-------+---------+---------+-------

Illustrated notes

Table legend:
 A = Kills in this place as a percentage of kills in entire the game.
 B = Kills by you in this place as a percentage of kills by you in the entire game.
 C = Kills by friends in this place as a percentage of kills by friends in the entire game.
 D = Other kills in this place as a percentage of other kills in the entire game.
 E = Experience gained in this place as a percentage of experience gained in the entire game.
 F = Experience gained in this place divided by the number of levels of this place that you have seen.
                   A       B       C       D       E      F
               +-------+-------+-------+-------+-------+----------------------
         Total | 100.0 | 100.0 |   N/A |   N/A | 100.0 | 559.0
       Dungeon |  88.8 |  88.8 |   N/A |   N/A |  96.5 | 674.1
       Ossuary |  11.2 |  11.2 |   N/A |   N/A |   3.5 | 197.0
               +-------+-------+-------+-------+-------+----------------------

Table legend: (Time is in decaauts)
 A = Elapsed time spent in this place.
 B = Non-inter-level travel time spent in this place.
 C = Inter-level travel time spent in this place.
 D = Time resting spent in this place.
 E = Time spent auto-exploring this place.
 F = Levels seen in this place.
 G = Mean time per level.
                   A        B        C        D        E       F      G
               +--------+--------+--------+--------+--------+-----+--------+
         Total |   6442 |   6134 |    308 |    192 |   4354 |  10 |  644.2 |
       Dungeon |   6195 |   5887 |    308 |    192 |   4251 |   8 |  774.4 |
        Temple |     26 |     26 |      0 |      0 |      0 |   1 |   26.0 |
       Ossuary |    220 |    220 |      0 |      0 |    103 |   1 |  220.0 |
               +--------+--------+--------+--------+--------+-----+--------+

Top non-repeatable levels by time:
     D:6: 1069 daAuts
     D:1: 1029 daAuts
     D:7: 918 daAuts
     D:5: 853 daAuts
     D:3: 821 daAuts
     D:4: 770 daAuts
     D:2: 719 daAuts
 Ossuary: 220 daAuts
  Temple: 26 daAuts
     D:8: 13 daAuts
